 Dungeon Crawl Stone Soup version 0.26.1-11-gd32895ea62 (webtiles) character file.

Game seed: 10327977034068962982

1171 Almogavar the Slasher (level 8, 0/69 HPs)
             Began as a Minotaur Fighter on Apr 20, 2021.
             Hit by a stone thrown by an orc warrior (9 damage)
             ... on level 6 of the Dungeon.
             The game lasted 00:09:52 (5018 turns).

Almogavar the Slasher (Minotaur Fighter)            Turns: 5018, Time: 00:09:53

Health: 0/69       AC: 15    Str: 22    XL:     8   Next: 18%
Magic:  7/7        EV:  7    Int:  5    God:
Gold:   301        SH: 10    Dex: 11    Spells: 7/7 levels left

rFire    . . .     SeeInvis .   a - +0 long sword
rCold    . . .     Faith    .   c - +0 kite shield
rNeg     . . .     Spirit   .   o - +0 chain mail
rPois    .         Reflect  .   (helmet restricted)
rElec    .         Harm     .   (no cloak)
rCorr    .         Rampage  .   j - +0 pair of gloves
Will     .....                  (no boots)
Stlth    ..........             (no amulet)
HPRegen  0.21/turn              l - +4 ring of protection
MPRegen  0.10/turn              (no ring)

@: no status effects
A: retaliatory headbutt, horns 2
a: no special abilities


You were on level 6 of the Dungeon.
You visited 1 branch of the dungeon, and saw 6 of its levels.

You collected 301 gold pieces.

Inventory:

Hand Weapons
 a - a +0 long sword (weapon)
 b - a +0 war axe of venom
 p - a +0 hunting sling
 w - a cursed +0 hand crossbow
 z - a +2 vorpal flail
Missiles
 f - 331 stones (quivered)
 h - 95 sling bullets
 k - 78 bolts
Armour
 c - a +0 kite shield (worn)
 j - a +0 pair of gloves (worn)
 o - a +0 chain mail (worn)
 v - a +0 plate armour
Jewellery
 l - a +4 ring of protection (left hand)
Wands
 e - a wand of disintegration (22)
 r - a wand of flame (9)
Scrolls
 g - a scroll of fog
 n - 4 scrolls of remove curse
 q - a scroll of teleportation {unknown}
 s - 3 scrolls of magic mapping
 y - a scroll of enchant weapon {unknown}
 A - a scroll of amnesia {unknown}
 B - a scroll of blinking {unknown}
Potions
 d - 2 potions of might
 i - 2 potions of berserk rage
 m - 2 potions of ambrosia
 t - 2 potions of curing {unknown}
 u - a potion of lignification {unknown}
 x - a potion of cancellation {unknown}
 C - a potion of heal wounds {unknown}


   Skills:
 + Level 5.5 Fighting
 + Level 7.5 Long Blades
 + Level 6.9 Armour
 + Level 2.0 Dodging
 - Level 0.3 Stealth
 + Level 6.1 Shields


You had 7 spell levels left.
You didn't know any spells.
Your spell library contained the following spells:

 Spells                   Type           Power        Failure   Level
 Magic Dart               Conj           0%           100%        1
 Searing Ray              Conj           0%           100%        2
 Dazzling Flash           Conj/Hex       0%           100%        3
 Fulminant Prism          Conj/Hex       0%           100%        4
 Iskenderun's Mystic Bla  Conj/Tloc      0%           100%        4


Dungeon Overview and Level Annotations

Branches:
Dungeon (6/15)
 Temple: D:4-7

Altars:
Nemelex Xobeh
Ru
Wu Jian
The Shining One

Annotations:
D:6 3 runed translucent doors, danmikkh's ghost, novice DsWz


Innate Abilities, Weirdness & Mutations

You reflexively headbutt those who attack you in melee.
You have a pair of horns on your head.


Message History

The scroll dissolves into smoke.
The orc wizard casts a spell.
The orc wizard seems to speed up.
You completely miss the orc warrior.
The orc warrior is almost dead.
The orc wizard gestures wildly while chanting.
The orc wizard blinks!
The orc warrior hits you with a +0 battleaxe!
* * * LOW HITPOINT WARNING * * *
An orc wizard comes into view. It is wielding a +0 dagger.
You closely miss the orc warrior. Your headbutt misses the orc warrior.
The orc warrior is almost dead.
The orc warrior hits you with a +0 battleaxe!
* * * LOW HITPOINT WARNING * * *
The orc priest casts a cantrip, but nothing happens.
Unknown command.
The orc warrior throws a stone.
The stone barely misses you.
You see here a stone.
The orc warrior throws a stone.
The stone hits you!
You die...

####.# #.# #.# #.#
#.# #.# ##.##
##...########
#.....§§@...#
.##...o#####o#######
.......o§§§##........
#.###.#o##o§......##.
# #.#§#####.###.#
#'#.# #.# # ..... ..#
....# #.# .... #.#


You could see an orc warrior.

Vanquished Creatures
  An orc warrior (D:6)
  An ice beast (D:6)
  A sky beast (D:5)
  2 ogres
  A phantom (D:4)
  A scorpion (D:6)
  3 hounds
  A bullfrog skeleton (D:4)
  A gnoll shaman (D:4)
  4 iguanas
  An orc wizard (D:6)
  4 worker ants
  2 gnolls (D:5)
  8 adders
  A shadow imp (D:6)
  An ooze (D:1)
  An adder skeleton (D:5)
  2 dart slugs (D:1)
  2 leopard geckos
  13 orcs
  2 ball pythons
  5 giant cockroaches
  10 goblins
  13 hobgoblins
  4 jackals (D:3)
  3 quokkas
  5 bats
  4 frilled lizards
  3 jackal skeletons
  16 kobolds
  7 rats
123 creatures vanquished.

Notes
Turn   | Place    | Note
-------+----------+-------------------------------------------
     0 | D:1      | Almogavar the Minotaur Fighter began the quest for the Orb.
     0 | D:1      | Reached XP level 1. HP: 19/19 MP: 0/0
    84 | D:1      | Reached XP level 2. HP: 22/27 MP: 1/1
   746 | D:2      | Reached XP level 3. HP: 33/33 MP: 2/2
   986 | D:2      | Reached skill level 3 in Long Blades
  1209 | D:2      | Reached XP level 4. HP: 40/40 MP: 3/3
  1535 | D:3      | Found a sacrificial altar of Ru.
  1580 | D:3      | Found a glowing golden altar of the Shining One.
  1665 | D:3      | Reached skill level 4 in Long Blades
  2366 | D:4      | Noticed an ogre
  2371 | D:4      | Killed an ogre
  2372 | D:4      | Reached XP level 5. HP: 38/47 MP: 4/4
  2445 | D:4      | Reached skill level 5 in Long Blades
  2445 | D:4      | Reached skill level 5 in Armour
  2507 | D:4      | Reached skill level 1 in Dodging
  2568 | D:4      | Noticed a phantom
  2594 | D:4      | Killed a phantom
  2595 | D:4      | Reached XP level 6. HP: 38/53 MP: 5/5
  2971 | D:5      | Entered Level 5 of the Dungeon
  3026 | D:5      | Reached skill level 6 in Long Blades
  3044 | D:5      | Noticed a sky beast
  3062 | D:5      | Killed a sky beast
  3063 | D:5      | Reached skill level 5 in Fighting
  3063 | D:5      | Reached XP level 7. HP: 55/61 MP: 6/6
  3263 | D:5      | Reached skill level 5 in Shields
  3571 | D:5      | Found an ornate altar of the Wu Jian Council.
  4306 | D:6      | Reached skill level 7 in Long Blades
  4570 | D:6      | Found a runed translucent gate.
  4570 | D:6      | Found a runed translucent gate.
  4572 | D:6      | Found a runed translucent gate.
  4581 | D:6      | Noticed danmikkh's ghost (novice DsWz)
  4679 | D:6      | Reached XP level 8. HP: 69/69 MP: 7/7
  4759 | D:6      | Found a sparkling altar of Nemelex Xobeh.
  5018 | D:6      | Hit by a stone thrown by an orc warrior

Illustrated notes

Levels and vault maps discovered:
D:1:      minmay_arrival_open_corners, layout_loops_ring
D:2:      layout_rooms, minivault_19
D:3:      layout_loops_ring, general_overflow_altar, nicolae_ru_path_of_blood
D:4:      minmay_chambers_of_threes, layout_rooms
D:5:      corexii_shantytown, layout_basic, serial_corexii_hall,
          corexii_hall_statues_t, corexii_hall_statues_i,
          corexii_hall_statues_x, corexii_hall_statues_x, basic_altar,
          minmay_crystal_water
D:6:      layout_loops_corners, kennysheep_little_box, lemuel_temple_firewalk_a,
          gammafunk_ghost_necromancy

Skill      XL: |  1  2  3  4  5  6  7  8 |
---------------+-------------------------+-----
Armour         | 4 5 6 |  6.9
Shields        | 4 5 6 |  6.1
Fighting       | 4 5 |  5.5
Long Blades    | 3 4 5 6 7 |  7.5
Dodging        | 1 2 |  2.0
Stealth        | |  0.3

Action                   |  1- 3 |  4- 6 |  7- 9 || total
-------------------------+-------+-------+-------++-------
Melee: Long sword        |    73 |   131 |   165 ||   369
       Headbutt          |     8 |    24 |    36 ||    68
  Use: Scroll            |     4 |     5 |     3 ||    12
Armor: Scale mail        |    38 |    15 |       ||    53
       Chain mail        |       |    41 |    71 ||   112
Dodge: Dodged            |    18 |    32 |    31 ||    81
Block: Kite shield       |    32 |    65 |    85 ||   182
       Rpst.: Long sword |     7 |     6 |     7 ||    20
